 Dungeon Crawl Stone Soup version 0.27-a0-1217-g8a41f320e8 (webtiles) character file.

Game seed: 141046776356990157

238 Demosthentine the Poker (level 6, -4/48 HPs)
             Began as a Merfolk Gladiator on June 5, 2021.
             Killed by nerve-wracking pain
             ... invoked by Grinder
              (12 damage)
             ... on level 4 of the Dungeon.
             The game lasted 00:05:05 (3854 turns).

Demosthentine the Poker (Merfolk Gladiator)         Turns: 3854, Time: 00:05:05

Health: -4/48      AC:  6    Str: 16    XL:     6   Next: 7%
Magic:  6/6        EV: 14    Int:  7    God:
Gold:   60         SH:  0    Dex: 14    Spells: 5/5 levels left

rFire    . . .     SeeInvis .   a - +0 trident
rCold    . . .     Faith    .   (no shield)
rNeg     . . .     Spirit   .   b - +0 leather armour
rPois    +         Reflect  .   c - +0 helmet
rElec    .         Harm     .   f - +0 cloak
rCorr    .         Rampage  .   e - +0 pair of gloves
Will     .....                  (no boots)
Stlth    +.........             (no amulet)
HPRegen  0.16/turn              (no ring)
MPRegen  0.10/turn              (no ring)

@: no status effects
A: (nimble swimmer 2), mertail, clumsy 1, passive freeze, poison resistance
a: no special abilities


You were on level 4 of the Dungeon.
You visited 1 branch of the dungeon, and saw 4 of its levels.

You collected 96 gold pieces.
You spent 36 gold pieces at shops.

Inventory:

Hand Weapons
 a - a +0 trident (weapon)
Missiles
 d - a throwing net (quivered)
Armour
 b - a +0 leather armour (worn)
 c - a +0 helmet (worn)
 e - a +0 pair of gloves (worn)
 f - a +0 cloak (worn)
Scrolls
 j - 2 scrolls of teleportation
Potions
 g - a potion of flight
 h - a potion of brilliance


   Skills:
 + Level 3.7 Fighting
 + Level 6.1 Polearms
 - Level 2.0 Throwing
 + Level 1.9 Armour
 + Level 5.5 Dodging


You had 5 spell levels left.
You didn't know any spells.
Your spell library was empty.

Dungeon Overview and Level Annotations

Branches:
Dungeon (4/15)
 Temple: D:4-7

Altars:

Shops:
D:2 ?

Annotations:
D:4 Grinder


Innate Abilities, Weirdness & Mutations

((You are quick and stealthy near water. (Stealth+, EV+, Speed+++)))
Your lower body shifts to a powerful aquatic tail in water.
You are clumsy. (Dex -2)
A frigid envelope surrounds you and freezes all who hurt you.
Your system is resistant to poisons. (rPois)


Message History

You can't see any item there.
You throw a throwing net. The throwing net hits Grinder.
Grinder is caught in the net!
You hit Grinder.
Grinder is lightly wounded.
Grinder struggles against the net.
You hit Grinder.
Grinder is lightly wounded.
Grinder struggles against the net.
You barely miss Grinder.
Grinder is lightly wounded.
Grinder struggles against the net.
You barely miss Grinder.
Grinder is lightly wounded.
Grinder blinks!
You puncture Grinder!
Grinder is heavily wounded.
Grinder closely misses you.
You hit Grinder.
Grinder is heavily wounded.
Grinder gestures at you.
You suddenly lose the ability to move!
Grinder hits you!
You writhe in agony.
Grinder hits you.
You writhe in agony.
Grinder hits you!
You writhe in agony.
Grinder rolls her eyes.
Grinder hits you but does no damage. Grinder hits you.
* * * LOW HITPOINT WARNING * * *
You writhe in agony.
* * * LOW HITPOINT WARNING * * *
You can move again.
Unknown command.
Unknown command.
Unknown command.
It was a potion of mutation.
You feel extremely strange.
You feel clumsy.
You feel resistant to poisons.
Your skin feels very cold.
Grinder gestures at you. Pain shoots through your body!
You die...

....................#
....................#
......)?.............
....5.....#..........
.....g..............#
##########.........##
###.........#
##.5.........#
##.#######.@#.<.......
#.........)###.......
#......##### #......
#...... ...##. #......
#.... ##.#### ..#. #.
.. #


You could see Grinder.

Vanquished Creatures
  A scorpion (D:3)
  An orc priest (D:3)
  Crazy Yiuf (D:2)
  3 adders
  3 worms
  A dart slug (D:1)
  3 orcs (D:3)
  8 ball pythons
  4 endoplasms
  5 giant cockroaches
  7 goblins
  9 hobgoblins
  5 jackals (D:2)
  3 quokkas
  6 bats
  2 frilled lizards
  8 kobolds
  8 rats
78 creatures vanquished.

Vanquished Creatures (others)
  A fungus (D:2)
1 creature vanquished.

Grand Total: 79 creatures vanquished

Notes
Turn   | Place    | Note
-------+----------+-------------------------------------------
     0 | D:1      | Demosthentine the Merfolk Gladiator began the quest for the
                  | Orb.
     0 | D:1      | Reached XP level 1. HP: 16/16 MP: 1/1
   234 | D:1      | Reached XP level 2. HP: 22/23 MP: 2/2
   996 | D:1      | Reached XP level 3. HP: 28/28 MP: 3/3
  1303 | D:2      | Reached skill level 5 in Polearms
  1324 | D:2      | Found a faded altar of an unknown god.
  1629 | D:2      | Found Luif's Magic Scroll Boutique.
  1642 | D:2      | Bought a scroll of teleportation for 36 gold pieces
  1699 | D:2      | Reached skill level 1 in Armour
  1734 | D:2      | Reached XP level 4. HP: 34/34 MP: 4/4
  2217 | D:2      | Found a runed translucent door.
  2218 | D:2      | Noticed Crazy Yiuf
  2253 | D:2      | Killed Crazy Yiuf
  2776 | D:3      | Noticed a scorpion
  2791 | D:3      | Killed a scorpion
  2792 | D:3      | Reached skill level 5 in Dodging
  2792 | D:3      | Reached XP level 5. HP: 22/41 MP: 5/5
  2978 | D:3      | HP: 1/42 [orc/+0 trident (5)]
  3295 | D:3      | Reached skill level 6 in Polearms
  3583 | D:3      | Reached XP level 6. HP: 48/48 MP: 6/6
  3818 | D:4      | Noticed Grinder
  3848 | D:4      | Paralysed by Grinder for 6 turns
  3854 | D:4      | Gained mutation: You are clumsy. (Dex -2) [potion of
                  | mutation]
  3854 | D:4      | Gained mutation: Your system is resistant to poisons.
                  | (rPois) [potion of mutation]
  3854 | D:4      | Gained mutation: A frigid envelope surrounds you and
                  | freezes all who hurt you. [potion of mutation]
  3854 | D:4      | Killed from afar by Grinder

Illustrated notes

Levels and vault maps discovered:
D:1:      co_arrival_two_rings, layout_basic
D:2:      layout_basic, serial_shops, nicolae_shop_waterfront,
          shapermc_ecumenical_altar_mp_highgroup, st_stairs_12,
          chequers_serial_rivers_large_b, uniq_crazy_yiuf_cottage
D:3:      layout_basic, grunt_ministairs_13, hangedman_decor_push,
          minmay_misc_feat_diagonals
D:4:      layout_rooms, kennysheep_potato, uniq_ijyb, uniq_grinder

Skill      XL: |  1  2  3  4  5 |
---------------+----------------+-----
Polearms       | 5 6 |  6.1
Armour         | 1 |  1.9
Fighting       | 3 |  3.7
Dodging        | 5 |  5.5
Throwing       | |  2.0

Action                   |  1- 3 |  4- 6 || total
-------------------------+-------+-------++-------
Melee: Trident           |   137 |   143 ||   280
Throw: Throwing net      |       |     2 ||     2
  Use: Scroll            |     3 |     3 ||     6
       Potion            |       |     2 ||     2
 Stab: Held in net/web   |       |     2 ||     2
       Sleeping          |       |     4 ||     4
Armor: Leather armour    |    36 |    29 ||    65
Dodge: Dodged            |    78 |    93 ||   171

Table legend: (Time is in decaauts)
 A = Elapsed time spent in this place.
 B = Non-inter-level travel time spent in this place.
 C = Inter-level travel time spent in this place.
 D = Time resting spent in this place.
 E = Time spent auto-exploring this place.
 F = Levels seen in this place.
 G = Mean time per level.
                   A        B        C        D        E       F      G
               +--------+--------+--------+--------+--------+-----+--------+
         Total |   3828 |   3753 |     75 |     17 |   3149 |   4 |  957.0 |
       Dungeon |   3828 |   3753 |     75 |     17 |   3149 |   4 |  957.0 |
               +--------+--------+--------+--------+--------+-----+--------+

Top non-repeatable levels by time:
     D:2: 1624 daAuts
     D:3: 1112 daAuts
     D:1: 1022 daAuts
     D:4: 68 daAuts
